 Dungeon Crawl Stone Soup version 0.17-a0-1804-gf6433eb (webtiles) character file.

102 orochimarko the Vexing (level 4, 0/22 HPs)
             Began as a Vine Stalker Arcane Marksman on Sept 10, 2015.
             Slain by an orc wizard
             ... wielding a +0 dagger
              (3 damage)
             ... on level 3 of the Dungeon on Sept 11, 2015.
             The game lasted 00:15:37 (1933 turns).

orochimarko the Vexing (VSAM)                       Turns: 1933, Time: 00:15:37

Health: 0/22       AC:  3    Str: 11 (13) XL:     4   Next: 78%
Magic:  0/7        EV: 12    Int: 13      God:
Gold:   97         SH:  0    Dex: 15      Spells: 2 memorised, 2 levels left

rFire  . . .     SeeInvis .     a - +0 hand crossbow
rCold  . . .     Clarity  .     c - +0 robe
rNeg   . . .     SustAt   .     (no shield)
rPois  .         Gourm    .     (no helmet)
rElec  .         Spirit   +     h - +0 cloak
rCorr  .         Warding  .     (no gloves)
rMut   .         Stasis   .     (no boots)
MR     .....                    (no amulet)
Stlth  ++........               (no ring)
                                (no ring)

@: flying, not resistant to hostile enchantments, unstealthy
A: fangs 2, regeneration 1, magic shield, antimagic bite, no device heal 3, rot
immunity
a: no special abilities


You were on level 3 of the Dungeon.
You were not hungry.

You visited 1 branch of the dungeon, and saw 3 of its levels.

You collected 97 gold pieces.

Inventory:

Hand weapons
 a - a +0 hand crossbow (weapon)
Missiles
 b - 37 bolts (quivered)
Armour
 c - a +0 robe (worn)
 h - a +0 cloak (worn)
Scrolls
 m - a scroll of remove curse
Potions
 l - a potion of ambrosia {unknown}
 o - 2 potions of degeneration
Books
 d - a book of Debilitation

   Spells                             Type                      Level
   a - Corona                         Hexes                        1
   b - Slow                           Hexes                        2
   c - Gell's Gravitas                Hexes/Translocation          3
   d - Inner Flame                    Hexes/Fire                   3
   e - Cause Fear                     Hexes                        4
   f - Leda's Liquefaction            Hexes/Earth                  4
Comestibles
 e - a bread ration
 g - a slice of pizza
 j - a beef jerky
 k - a royal jelly
 n - 8 chunks of flesh
 p - a meat ration


   Skills:
 + Level 1.0 Fighting
 + Level 3.0 Crossbows
 + Level 2.0 Dodging
 + Level 1.0 Stealth
 + Level 1.8 Spellcasting
 + Level 3.8 Hexes


You had 2 spell levels left.
You knew the following spells:

 Your Spells              Type           Power        Failure   Level  Hunger
a - Corona                Hex            ##.....      8%          1    ##.....
b - Gell's Gravitas       Hex/Tloc       #.........   38%         3    ####...


Dungeon Overview and Level Annotations

Branches:
Dungeon (3/15)

Altars:


Innate Abilities, Weirdness & Mutations

You have extremely sharp teeth.
Your natural rate of healing is unusually fast.
When hurt, damage is shared between your health and your magic reserves.
Your bite disrupts and absorbs the magic of your enemies.
Potions and wands cannot restore your health.
You are immune to rotting.


Message History

The puff of flame hits you!
* * * LOW HITPOINT WARNING * * *
Unknown command.
You hear some strange, mumbled words.
You are confused.
You see here a bolt.
You bump into the rock wall.
You're too confused to move!
Something hits you but does no damage.
Firing (i - inventory):
b - 38 bolts (quivered)
Press: ? - help, Shift-Dir - straight line You shoot a bolt.
Something hits you.
* * * LOW HITPOINT WARNING * * *
You hear some strange, mumbled words.
Something tries to affect you, but you resist.
It was a potion of flight.
You feel very buoyant.
You fly up into the air.
Drink which item? (? for menu, Esc to quit)
It was a potion of curing.
You feel better. Something hits you.
You die...

######### #(.((((.#
####(#####.#
####..[()).##.#####
#....##@##........#
#..(.......##.###.#
#....##.##.##.#
######.#..........#
#....).############
#.##.....#
#.##.###.# ##.##.#
#.# #.....###.#


There were no monsters in sight!

Vanquished Creatures
  A crimson imp (D:3)
  An adder (D:2)
  An ooze (D:2)
  A worm (D:2)
  A giant gecko (D:2)
  3 orcs (D:3)
  A ball python (D:1)
  7 bats
  6 hobgoblins
  9 jackals
  A giant cockroach (D:1)
  5 giant newts
  7 goblins
  4 kobolds (D:2)
  2 rats (D:2)
50 creatures vanquished.

Notes
Turn   | Place    | Note
--------------------------------------------------------------
     0 | D:1      | orochimarko the Vine Stalker Arcane Marksman began the quest for the Orb.
     0 | D:1      | Reached XP level 1. HP: 9/9 MP: 3/3
   147 | D:1      | Reached XP level 2. HP: 6/14 MP: 0/4
   813 | D:1      | Reached XP level 3. HP: 17/17 MP: 3/6
   978 | D:2      | Learned a level 3 spell: Gell's Gravitas
  1680 | D:2      | Reached skill level 1 in Stealth
  1752 | D:2      | Reached XP level 4. HP: 18/21 MP: 3/7
  1796 | D:3      | Upgraded the game from 0.17-a0-1798-g879a7aa to 0.17-a0-1804-gf6433eb
  1900 | D:3      | Reached skill level 1 in Fighting
  1933 | D:3      | Slain by an orc wizard

Vault maps used:
D:1:      evilmike_arrival_grusome_pit, minmay_stone_trees_small,
          minmay_misc_feat_rows
D:3:      lemuel_coloured_pillars_altar

Action                   |  1- 3 |  4- 6 || total
-------------------------+-------+-------++-------
 Fire: Hand crossbow     |    92 |    26 ||   118
 Cast: Corona            |    37 |     9 ||    46
  Use: Potion            |       |     3 ||     3
       Scroll            |       |     1 ||     1
  Eat: Chunk             |     3 |     2 ||     5
